Unix NetHack Version 3.7.0-61 Work-in-progress - last build Jul 22 2022 11:16:53 (76b68a5543021f85d9193291e0cc6e7301e83a09,branch:master). Game began 2022-07-27 17:13:41, ended 2022-07-27 19:20:31. Grasshopper, neutral male human Wizard -------- |......| --------------------------------@ |....<..# |...............................| h |......|##### #|..-----..-|-----.-----....---..| -----|-- ###|..|(((|..|..|..|.-^..|.---|..|.| Go # ##|..|(((|..|..|..-.|.@...|((|..|.| #### #-..|..@|.--------.|...|.|..||.-.| # # %|..---|-.|..@|....|...|.|.@|....| # #### ###|.n......|...-....|----.--l-..{.| # -.---# |.-----..-----.-+-|@.+..........| # |...|# |.|%%.|.@......| |..|..-+--....| # |.>..# |.|%.@+....-|--| G|----.|.:--+-.| ## |...| |.-----.---|@..| |[..|.|%.| |..## |...| +.......| |...| |..@|.---|G |.| |.... |.......+G |(..| |...-....| |.| |...| |.{.....--------+------..@.----.| ----- |............fa@................| --------------------------------- Grasshopper the Thaumaturge St:11 Dx:14 Co:15 In:16 Wi:11 Ch:11 Neutral S:3187 Dlvl:7 $:255 HP:0(40) Pw:47(69) AC:4 Xp:6/638 T:4957 Blind Latest messages: You sold a pair of iron shoes for 8 gold pieces. You drop a large round shield. Asidonhopo offers 10 gold pieces for your large round shield. Sell it? [ynaq] (n) n J - a large round shield. What do you want to name? [a-eg-nq-xA-TV-Z or ?*] J What do you want to name this large round shield? +1 What do you want to drop? [$a-eg-nq-xA-TV-Z or ?*] J You drop a large round shield named +1. Asidonhopo offers 10 gold pieces for your large round shield named +1. Sell it? [ynaq] (n) n You hear someone beseeching Anhur. You hear some noises in the distance. You hear an animal carcass being offered in sacrifice. In what direction? 6 The spell misses the fire ant. The fire ant bites! The fire ant misses! You hear someone beseeching Anhur. The fire ant bites! The fire ant misses! In what direction? 6 The spell hits the fire ant! You kill the fire ant! You see here a fire ant corpse. There is a fire ant corpse here; eat it? [ynq] (n) y This fire ant corpse tastes fatty. You finish eating the fire ant corpse. What do you want to put on? [tAC-FI or ?*] t You are now wearing a towel around your head. You can't see any more. You hear a chugging sound. You swap places with Em. You hear some noises. The fire ant just misses! The fire ant just misses! A leprechaun suddenly appears! The fire ant bites! The fire ant misses! The fire ant misses! The fire ant bites! You're on fire! You hit the fire ant. The fire ant bites! The fire ant bites! You're on fire! The fire ant bites! The fire ant bites! You're on fire! Your scroll of identify catches fire and burns! You die... Do you want your possessions identified? [ynq] (y) q Major events: Turn 1: Grasshopper the neutral male human Wizard entered the dungeon 1656: attained the rank of Conjurer (level 3) 1898: entered the Gnomish Mines 3732: reached Mine Town 4001: attained the rank of Thaumaturge (level 6) 4957: killed by a fire ant Inventory: Weapons (')') a - a blessed +1 quarterstaff (weapon in hands) K - an uncursed +0 dagger named +0 M - 4 uncursed +0 darts named +0 X - an uncursed +0 elven dagger named +0 Z - an uncursed +0 orcish dagger named +0 Armor ('[') b - an uncursed +0 cloak of magic resistance (being worn) B - an uncursed +0 pair of iron shoes (being worn) H - an uncursed +2 orcish helm (being worn) Comestibles ('%') i - an uncursed lembas wafer j - an uncursed food ration l - 2 uncursed tins of sauteed gecko meat n - an uncursed pineapple x - an uncursed carrot R - an uncursed food ration W - an uncursed tripe ration Scrolls ('?') w - 2 uncursed scrolls of confuse monster Q - a cursed scroll of light Wands ('/') m - an uncursed wand of death named 1 (0:7) r - an uncursed wand of secret door detection named 4 (0:9) P - an uncursed wand of make invisible (0:8) S - an uncursed wand of speed monster (0:7) T - an uncursed wand of light (0:11) V - an uncursed wand of create monster (0:12) Rings ('=') d - an uncursed ring of poison resistance (on right hand) e - an uncursed +1 ring of increase damage (on left hand) A - an uncursed ring of teleport control named nc C - an uncursed ring of conflict named nc D - an uncursed ring of shock resistance named nc E - an uncursed ring of protection from shape changers named nc F - an uncursed ring of polymorph control named nc I - an uncursed ring of shock resistance Potions ('!') h - an uncursed potion of extra healing k - an uncursed potion of sickness v - a cursed potion of restore ability N - an uncursed potion of object detection Y - an uncursed potion of oil Tools ('(') c - an uncursed skeleton key q - an uncursed tin whistle s - an uncursed stethoscope t - an uncursed towel (being worn) u - an uncursed brass lantern L - an uncursed bag of tricks (0:13) Gems/Stones ('*') g - an uncursed worthless piece of orange glass O - 2 uncursed worthless pieces of green glass Grasshopper the Wizard's attributes: Background: You were a Thaumaturge, a level 6 male human Wizard. You were neutral, on a mission for Thoth who was opposed by Ptah (lawful) and Anhur (chaotic). You were in the Gnomish Mines, on level 7. You entered the dungeon 4957 turns ago. There was a new moon in effect when your adventure ended. You had 638 experience points, 2 more were needed to attain level 7. Your score was 3187 before end-of-game adjustments. Basics: You had 0 out of 40 hit points. You had 47 out of 69 energy points (spell power). Your armor class was 4. Your wallet contained 255 zorkmids. Autopickup was off. Final Characteristics: Your strength was 11 (limit:18/100). Your dexterity was 14 (limit:18). Your constitution was 15 (limit:18). Your intelligence was 16 (limit:18). Your wisdom was 11 (limit:18). Your charisma was 11 (limit:18). Final Status: You were deliberately blind. You were not hungry. You were unencumbered. You were wielding a quarterstaff. You had basic skill with quarterstaff and could have enhanced that. Final Attributes: You were piously aligned. You were magic-protected. You were poison resistant. You were telepathic. You had a small damage bonus (+1). You were warded. You are dead. Miscellaneous: You encountered 1 bones level. Total elapsed playing time was 2 hours, 6 minutes and 50 seconds. Vanquished creatures: a small mimic a quivering blob a lizard a dwarf leader a blue jelly a fire ant a mountain nymph a rock mole a shrieker 2 gnome leaders a gnomish wizard a gray ooze a giant ant 2 floating eyes 3 dwarves a homunculus a rothe 2 rabid rats a giant bat a dwarf zombie a wererat a werejackal 3 iguanas 2 acid blobs a coyote 2 gas spores 3 hobbits 5 manes 2 hobgoblins a cave spider a yellow mold a red mold 15 gnomes 6 geckos 5 jackals a fox 2 goblins 5 sewer rats 5 grid bugs 2 bats 4 lichens 3 kobold zombies 11 newts 107 creatures vanquished. No species were genocided or became extinct. Voluntary challenges: You read items or engraved 3 times. You never engraved Elbereth. You never genocided any monsters. You never polymorphed an object. You never changed form. You used no wishes. Achievements: You entered a shop. You attained the rank of Conjurer. You entered the Gnomish Mines. You entered Minetown. You attained the rank of Thaumaturge. You entered a temple. The Dungeons of Doom: levels 1 to 5 Level 1: Level 2: "shop" A delicatessen, a fountain. Level 3: "v" A jewelers, some fountains. Level 4: Stairs down to The Gnomish Mines. Level 5: The Gnomish Mines: levels 5 to 8 Level 5: Level 6: Final resting place for OpticSugar-Bar-Hum-Mal-Cha, killed by a gnome lord. Level 7: <- You were here. Many shops, a temple, some fountains. Final resting place for you, killed by a fire ant. Level 8: Game over: ---------- / \ / REST \ / IN \ / PEACE \ / \ | Grasshopper | | 255 Au | | killed by a fire | | ant | | | | | | 2022 | *| * * * | * _________)/\\_//(\/(/\)/\//\/|_)_______ Goodbye Grasshopper the Wizard... You died in The Gnomish Mines on dungeon level 7 with 3162 points, and 255 pieces of gold, after 4957 moves. You were level 6 with a maximum of 40 hit points when you died.